 Dungeon Crawl Stone Soup version 0.28-a0-1555-g9ae15a6949 (webtiles) character file.

Game seed: 3772139066352969730

469 HallandMoats the Skirmisher (level 7, -5/61 HPs)
             Began as a Ghoul Monk on Jan 18, 2022.
             Killed by divine providence
             ... invoked by an orc priest
              (11 damage)
             ... on level 4 of the Dungeon.
             The game lasted 00:04:48 (3068 turns).

HallandMoats the Skirmisher (Ghoul Monk)            Turns: 3068, Time: 00:04:48

Health: -5/61      AC:  6    Str: 23    XL:     7   Next: 9%
Magic:  6/6        EV: 13    Int:  9    God:
Gold:   270        SH:  0    Dex: 17    Spells: 6/6 levels left

rFire   . . .      SeeInvis +   j - +1 club (spect)
rCold   + . .      Faith    .   (no shield)
rNeg    + + +      Spirit   .   n - +2 robe "Owumit" {Int+4 Dex+6 SInv}
rPois   ∞          Reflect  .   k - +0 helmet
rElec   .          Harm     .   (no cloak)
rCorr   .          Rampage  .   e - +0 pair of gloves
Will    .....                   (no boots)
Stlth   ++........              (no amulet)
HPRegen 0.00/turn               i - +4 ring of slaying
MPRegen 0.10/turn               p - +6 ring of strength

@: inhibited regen
A: claws 1, cold resistance 1, negative energy resistance 3, inhibited
regeneration, torment resistance 2
a: no special abilities


You were on level 4 of the Dungeon.
You visited 1 branch of the dungeon, and saw 4 of its levels.

You collected 270 gold pieces.

Inventory:

Hand Weapons
 a - a +0 hand axe
 j - a +1 spectral club (weapon)
Armour
 e - a +0 pair of gloves (worn)
 k - a +0 helmet (worn)
 n - the +2 robe "Owumit" (worn) {Int+4 Dex+6 SInv}
   (You found it on level 3 of the Dungeon)

   Int:       It affects your intelligence (+4).
   Dex:       It affects your dexterity (+6).
   SInv:      It lets you see invisible.
Jewellery
 i - a +4 ring of slaying (left hand)
 p - a +6 ring of strength (right hand)
Scrolls
 g - 2 scrolls of teleportation {unknown}
 h - 2 scrolls of identify {unknown}
 l - a scroll of immolation {unknown}
 m - a scroll of holy word {unknown}
 o - 4 scrolls of fear {unknown}
 q - a scroll of silence {unknown}
Potions
 c - a potion of attraction {unknown}
 d - a potion of brilliance {unknown}
 f - 2 potions of degeneration {unknown}


   Skills:
 * Level 5.5 Fighting
 * Level 4.6 Axes
 + Level 2.3 Armour
 + Level 3.7 Dodging
 - Level 2.1 Stealth


You had 6 spell levels left.
You didn't know any spells.
Your spell library contained the following spells:

 Spells                   Type           Power      Damage    Failure   Level
 Gell's Gravitas          Tloc           0%         N/A       77%         3
 Lesser Beckoning         Tloc           0%         N/A       77%         3
 Teleport Other           Tloc           0%         N/A       77%         3
 Leda's Liquefaction      Hex/Erth       0%         N/A       99%         4
 Lee's Rapid Deconstruct  Erth           0%         3d5*      100%        5
 Statue Form              Tmut/Erth      Unusable   N/A       N/A         6

Dungeon Overview and Level Annotations

Branches:
Dungeon (4/15)
 Temple: D:4-7

Altars:
Ashenzari
Elyvilon
Fedhas
Gozag
Hepliaklqana
Nemelex Xobeh
Vehumet
Yredelemnul

Shops:
D:1 *


Innate Abilities, Weirdness & Mutations

You thrive by killing the living.
You are immune to poison.
You have sharp fingernails.
Your flesh is cold resistant. (rC+)
You are immune to negative energy. (rN+++)
You do not regenerate when monsters are visible.
You are immune to unholy pain and torment.


Message History

The orc wizard hits you with a +0 dagger.
* * * LOW HITPOINT WARNING * * *
The scorpion stings you.
* * * LOW HITPOINT WARNING * * *
The orc wizard misses you.
You feel better.
The scorpion stings you but does no damage.
The orc wizard casts a spell at you. The puff of flame hits you.
* * * LOW HITPOINT WARNING * * *
The scorpion misses you.
You feel better.
The orc wizard points at you and mumbles some strange words.
You are confused.
You're too confused to move!
The orc wizard barely misses you. The orc barely misses you.
You hit the orc wizard.
The orc wizard is moderately wounded.
The scorpion barely misses you. The orc wizard closely misses you.
The orc wizard casts a spell.
The orc wizard flickers and vanishes for a moment.
The orc barely misses you.
The orc priest calls down the wrath of Beogh upon you.
Beogh smites you!
* * * LOW HITPOINT WARNING * * *
The scorpion stings you.
* * * LOW HITPOINT WARNING * * *
You feel better. The orc wizard barely misses you. The orc barely misses you.
The scorpion misses you. The orc hits you with a +0 hand axe.
* * * LOW HITPOINT WARNING * * *
The orc wizard gestures at you while chanting.
You resist with some effort. The orc hits you with a +0 hand axe.
* * * LOW HITPOINT WARNING * * *
The orc priest casts a cantrip, but nothing happens.
The orc priest hits you but does no damage.
The orc priest invokes the aid of Beogh against you.
Beogh smites you!
You die...

...## ##...... ....
.##...##.....###..# #....
.................# #...
.(..............#####..#
......#.........#......#
...........).>.....##..####
......#....<..............
...............s.....#..##
..............@o.o.......#
...#............oo....#..######
^........................##....
........#................##....
.....#.##.#..#...........##....
......†.....#..................
...#[####)).#.#..........##....
#...##)....#...........o....
#.#.##.#.###...........)....


You could see a scorpion, an orc priest, 2 orc wizards and an orc.

Vanquished Creatures
  A phantom (D:4)
  2 scorpions (D:4)
  A hound (D:4)
  Terence (D:2)
  An orc wizard (D:4)
  Robin (D:2)
  8 gnolls
  2 adders
  A worm (D:3)
  A dart slug (D:1)
  An orc (D:3)
  7 ball pythons
  6 endoplasms
  7 giant cockroaches
  14 goblins
  10 hobgoblins
  4 jackals (D:2)
  7 kobolds
  3 quokkas
  5 bats
  4 frilled lizards
  5 rats
92 creatures vanquished.

Notes
Turn   | Place    | Note
-------+----------+-------------------------------------------
     0 | D:1      | HallandMoats the Ghoul Monk began the quest for the Orb.
     0 | D:1      | Reached XP level 1. HP: 19/19 MP: 0/0
   103 | D:1      | Found Goxt's General Store.
   124 | D:1      | Reached XP level 2. HP: 10/26 MP: 1/1
   344 | D:1      | Reached XP level 3. HP: 33/33 MP: 2/2
  1010 | D:2      | Reached skill level 4 in Fighting
  1010 | D:2      | Reached skill level 1 in Armour
  1065 | D:2      | Noticed Robin
  1068 | D:2      | Reached XP level 4. HP: 40/40 MP: 3/3
  1086 | D:2      | Killed Robin
  1350 | D:2      | Found a faded altar of an unknown god.
  1380 | D:2      | Noticed Terence
  1389 | D:2      | Killed Terence
  1390 | D:2      | Reached XP level 5. HP: 40/47 MP: 4/4
  2166 | D:3      | Identified the +2 robe "Owumit" {Int+4 Dex+6 SInv}
  2466 | D:3      | Found a broken altar of Ashenzari.
  2472 | D:3      | Found a blossoming altar of Fedhas.
  2477 | D:3      | Found an opulent altar of Gozag.
  2483 | D:3      | Found a sparkling altar of Nemelex Xobeh.
  2488 | D:3      | Found a basalt altar of Yredelemnul.
  2495 | D:3      | Found a radiant altar of Vehumet.
  2500 | D:3      | Found a hazy altar of Hepliaklqana.
  2854 | D:4      | Noticed a phantom
  2863 | D:4      | Killed a phantom
  2864 | D:4      | Reached skill level 5 in Fighting
  2864 | D:4      | Reached XP level 6. HP: 51/56 MP: 5/5
  2907 | D:4      | Reached XP level 7. HP: 42/61 MP: 6/6
  3068 | D:4      | Killed from afar by an orc priest

Illustrated notes

Levels and vault maps discovered:
D:1:      nzn_arrival_settlement, layout_rooms, serial_shops, shop, st_stairs_12
D:2:      layout_basic, dreamdust_ecumenical_altar_hidden_monk_grotto,
          amethyst_killhole, minmay_tall_x, uniq_robin, uniq_terence
D:3:      layout_basic, grunt_temple_overflow_octagram,
          mainiacjoe_overflow_chevrons, serial_curves, eino_curves_04,
          eino_curves_04, amcnicky_mini_pool_small, minmay_mini_jars
D:4:      layout_rooms, nicolae_figureground_sparkle

Skill      XL: |  1  2  3  4  5  6 |
---------------+-------------------+-----
Axes           | 3 4 |  4.6
Dodging        | 3 |  3.7
Fighting       | 4 5 |  5.5
Armour         | 1 2 |  2.3
Stealth        | |  2.1

Action                   |  1- 3 |  4- 6 |  7- 9 || total
-------------------------+-------+-------+-------++-------
Melee: Hand axe          |   105 |    22 |       ||   127
       Punch             |     2 |     1 |       ||     3
       Club              |       |    94 |     8 ||   102
  Use: Potion            |       |       |     5 ||     5
 Stab: Distracted        |       |     1 |       ||     1
Armor: Ring mail         |    36 |    42 |       ||    78
       Robe              |     4 |     5 |     4 ||    13
Dodge: Dodged            |    58 |    70 |    23 ||   151

Table legend: (Time is in decaauts)
 A = Elapsed time spent in this place.
 B = Non-inter-level travel time spent in this place.
 C = Inter-level travel time spent in this place.
 D = Time resting spent in this place.
 E = Time spent auto-exploring this place.
 F = Levels seen in this place.
 G = Mean time per level.
                   A        B        C        D        E       F      G
               +--------+--------+--------+--------+--------+-----+--------+
         Total |   3104 |   2989 |    115 |      0 |   2299 |   4 |  776.0 |
       Dungeon |   3104 |   2989 |    115 |      0 |   2299 |   4 |  776.0 |
               +--------+--------+--------+--------+--------+-----+--------+

Top non-repeatable levels by time:
     D:2: 1079 daAuts
     D:3: 916 daAuts
     D:1: 821 daAuts
     D:4: 286 daAuts
